 Dungeon Crawl Stone Soup version 0.28.0 (webtiles) character file.

Game seed: 11832988180702747400

2 croobank the Caller (level 1, 0/9 HPs)
             Began as a Vine Stalker Summoner on Feb 5, 2022.
             Slain by a hobgoblin (4 damage)
             ... on level 1 of the Dungeon.
             The game lasted 00:00:41 (95 turns).

croobank the Caller (Vine Stalker Summoner)           Turns: 95, Time: 00:00:42

Health: 0/9        AC:  2    Str: 10    XL:     1   Next: 40%
Magic:  0/4        EV: 12    Int: 15    God:
Gold:   4          SH:  0    Dex: 14    Spells: 3/4 levels left

rFire   . . .      SeeInvis .   (no weapon)
rCold   . . .      Faith    .   (no shield)
rNeg    . . .      Spirit   +   a - +0 robe
rPois   .          Reflect  .   (no helmet)
rElec   .          Harm     .   (no cloak)
rCorr   .          Rampage  .   (no gloves)
Will    .....                   (no boots)
Stlth   ++........              (no amulet)
HPRegen 0.03/turn               (no ring)
MPRegen 0.09/turn               (no ring)

@: no status effects
A: fangs 2, magic shield, antimagic bite, no potion heal 2
a: no special abilities


You were on level 1 of the Dungeon.
You visited 1 branch of the dungeon, and saw 1 of its levels.

You collected 4 gold pieces.

Inventory:

Missiles
 c - 5 arrows
Armour
 a - a +0 robe (worn)
Scrolls
 b - a scroll of identify {unknown}


   Skills:
 + Level 1.5 Dodging
 + Level 2.4 Stealth
 + Level 2.2 Spellcasting
 + Level 4.1 Summonings


You had 3 spell levels left.
You knew the following spells:

 Your Spells              Type           Power      Damage    Failure   Level
a - Summon Small Mammal   Summ           56%        N/A       4%          1

Your spell library contained the following spells:

 Spells                   Type           Power      Damage    Failure   Level
 Call Imp                 Summ           14%        N/A       6%          2
 Call Canine Familiar     Summ           14%        N/A       12%         3
 Summon Guardian Golem    Hex/Summ       7%         N/A       28%         3
 Summon Lightning Spire   Summ/Air       7%         N/A       67%         4


Dungeon Overview and Level Annotations

Branches:
Dungeon (1/15)

Altars:


Innate Abilities, Weirdness & Mutations

You have extremely sharp teeth.
When hurt, damage is shared between your health and your magic reserves.
Your bite disrupts and absorbs the magic of your enemies.
Potions cannot restore your health.


Message History

A goblin comes into view. It is wielding a +0 club.
A hobgoblin comes into view.
Casting: Summon Small Mammal (safe; 4% risk of failure)
Confirm with . or Enter, or press ? or * to list all spells.
The goblin hits you with a +0 club.
You closely miss the goblin. The goblin misses you.
Your quokka bites the goblin.
You hit the goblin.
The goblin is severely wounded.
The goblin hits you but does no damage.
Your quokka closely misses the goblin.
You hit the goblin but do no damage.
The goblin is severely wounded.
The goblin hits you with a +0 club.
Your rat misses the goblin.
Your quokka closely misses the goblin.
You barely miss the goblin. Your bite misses the goblin.
The goblin is severely wounded.
The goblin hits you with a +0 club.
Your rat closely misses the goblin.
Your quokka closely misses the goblin.
You hit the goblin.
You kill the goblin!
The hobgoblin misses your quokka.
The hobgoblin barely misses your quokka.
What are your orders? t - Shout!
Orders for allies: a - Attack new target. r - Retreat! s - Stop attacking. g - Guard the area. f - Follow me.
Anything else - Cancel.
Gang up on whom?
Press: ? - help, Dir - move target, f - hobgoblin
Aim: a hobgoblin Attack!
Your quokka disappears in a puff of smoke!
You barely miss the hobgoblin.
You bite the hobgoblin, but do no damage.
Your rat closely misses the hobgoblin.
The hobgoblin hits you.
You closely miss the hobgoblin.
You bite the hobgoblin, but do no damage.
Your rat bites the hobgoblin.
The hobgoblin hits you.
You die...

... ## ..........###
......... .............
........# ..........##.
......#.# #............
.....#.##########.####.
#.....#....[.....# #.
###.....#.########## #.
.......g......... ..
##...r@##.###### ..
#.....# ..# . #.....#
..# #####.. ..# ### ###
. #.


You could see a hobgoblin (ally target) and a friendly rat (summoned).

Vanquished Creatures
  A goblin (D:1)
1 creature vanquished.

Vanquished Creatures (collateral kills)
  A hobgoblin (D:1)
1 creature vanquished.

Grand Total: 2 creatures vanquished

Notes
Turn   | Place    | Note
-------+----------+-------------------------------------------
     0 | D:1      | croobank the Vine Stalker Summoner began the quest for the
                  | Orb.
     0 | D:1      | Reached XP level 1. HP: 9/9 MP: 4/4
    95 | D:1      | Slain by a hobgoblin

Illustrated notes

Levels and vault maps discovered:
D:1:      matt_arrival_diagonals, layout_basic

Action                   || total
-------------------------++-------
Melee: Unarmed           ||    11
       Bite              ||     4
 Cast: Summon Small Mamm ||     2
Armor: Robe              ||     2
Dodge: Dodged            ||     3
